 Dungeon Crawl Stone Soup version 0.19.0-2-gae57169 (webtiles) character file.

1227 dvd the Stinger (level 8, -1/48 HPs)
             Began as an Octopode Venom Mage on Nov 5, 2016.
             Was a Follower of Sif Muna.
             Shot with an arrow by a centaur (13 damage)
             ... on level 6 of the Dungeon.
             The game lasted 00:23:27 (7290 turns).

dvd the Stinger (Octopode Venom Mage)               Turns: 7290, Time: 00:23:28

Health: -1/48      AC:  1    Str:  7    XL:     8   Next: 48%
Magic:  0/15       EV: 14    Int: 20    God:    Sif Muna [*.....]
Gold:   230        SH:  0    Dex: 12    Spells: 3 memorised, 9 levels left

rFire  . . .     SeeInvis .     a - +5 short sword
rCold  . . .     Gourm    .     (no shield)
rNeg   . . .     Faith    .     (helmet restricted)
rPois  .         Spirit   .     (no amulet)
rElec  .         Reflect  .     (no ring)
rCorr  .         Harm     .     (no ring)
MR     .....                    (no ring)
Stlth  ++++......               (no ring)
                                (no ring)
                                (no ring)
                                (no ring)
                                (no ring)

@: very slightly contaminated
A: almost no armour, stealthy swim, amphibious, 8 rings, constrict 8, camouflage
1, gelatinous body 1
a: Divine Energy, Renounce Religion


You were on level 6 of the Dungeon.
You worshipped Sif Muna.
Sif Muna was aware of your devotion.
You were hungry.

You visited 2 branches of the dungeon, and saw 7 of its levels.

You collected 230 gold pieces.

Inventory:

Hand Weapons
 a - a +5 short sword (weapon)
 e - a +0 vampiric dagger
 p - a +2 dagger of speed
 B - a +2 dagger of venom
Jewellery
 z - an uncursed ring of fire
Scrolls
 d - 2 scrolls of random uselessness
 f - a scroll of teleportation
 h - 5 scrolls of identify
 l - a scroll of enchant weapon
 m - a scroll of remove curse
 o - a scroll of fog
 r - a scroll of noise
Potions
 c - 2 potions of agility {unknown}
 j - 2 potions of flight {unknown}
 k - a potion of cure mutation {unknown}
 s - a potion of mutation {unknown}
 t - a potion of magic {unknown}
 u - 2 potions of curing {unknown}
 x - a potion of lignification
Books
 i - a Young Poisoner's Handbook

   Spells                             Type                      Level
   a - Sting                          Conjuration/Poison           1
   b - Mephitic Cloud                 Conjuration/Poison/Air       3
   c - Olgreb's Toxic Radiance        Poison                       4
   d - Alistair's Intoxication        Transmutation/Poison         5
   e - Venom Bolt                     Conjuration/Poison           5
Comestibles
 b - 3 bread rations
 g - 3 chunks of flesh
 n - a meat ration
 q - 3 beef jerkies
 v - 2 slices of pizza


   Skills:
 + Level 1.6 Fighting
 + Level 3.9 Short Blades
 + Level 2.8 Dodging
 + Level 5.4 Stealth
 + Level 5.3 Spellcasting
 + Level 2.2 Conjurations
 + Level 7.6 Poison Magic


You had 9 spell levels left.
You knew the following spells:

 Your Spells              Type           Power        Failure   Level  Hunger
a - Sting                 Conj/Pois      ####         1%          1    None
b - Olgreb's Toxic Radia  Pois           #####...     8%          4    ####...
c - Mephitic Cloud        Conj/Pois/Air  ###.....     10%         3    ##.....


Dungeon Overview and Level Annotations

Branches:
Dungeon (6/15)             Temple (1/1) D:4

Altars:
Ashenzari
Cheibriados
Dithmenos
Elyvilon
Fedhas
Gozag
Hepliaklqana
Kikubaaqudgha
Makhleb
Nemelex Xobeh
Okawaru
Qazlal
Ru
Sif Muna
Trog
Uskayaw
Vehumet
Xom
Yredelemnul
Zin
The Shining One

Annotations:
D:4 removeelyvilon's ghost, amateur HaFi


Innate Abilities, Weirdness & Mutations

You cannot wear most types of armour.
You are very stealthy in the water. (Stealth+)
You are amphibious.
You can wear up to eight rings at the same time.
You can use your tentacles to constrict eight enemies at once.
Your skin changes colour to match your surroundings (Stealth+).
Your rubbery body absorbs attacks. (AC +1, EV +1)


Message History

The black bear looks even sicker.
Your toxic aura wanes.
Unknown command.
Casting: Sting
Confirm with . or Enter, or press ? or * to list all spells.
You miscast Olgreb's Toxic Radiance.
You are very lightly contaminated with residual magic.
You feel faint for a moment.
You are feeling hungry.
The centaur shoots an arrow.
The arrow hits you.
The centaur shoots an arrow.
The arrow barely misses you. The black bear bites you!
* * * LOW HITPOINT WARNING * * *
The black bear claws you.
* * * LOW HITPOINT WARNING * * *
The black bear claws you.
* * * LOW HITPOINT WARNING * * *
You see here an arrow.
The centaur shoots an arrow.
The arrow hits you!
You die...

#..#.#.#.# #[#
##.#.#.#.###[#
###'#.#.#.....#
#####.....#.#######
#..........#..
#.####...(.#
#...(.#
#....(####..
##..@.h......
#...........
#..c.$......
#...........
#...........
............
##...........
#..........


You could see a black bear and a centaur.

Vanquished Creatures
  A phantom (D:5)
  An ogre (D:4)
  2 bullfrogs (D:6)
  2 scorpions
  A water moccasin skeleton (D:5)
  A crimson imp (D:5)
  A jelly (D:5)
  3 hounds
  2 orc priests (D:5)
  A bullfrog skeleton (D:4)
  5 orc wizards
  Jessica (D:2)
  An iguana (D:6)
  3 worker ants (D:5)
  A hound skeleton (D:5)
  Robin (D:2)
  4 gnolls (D:4)
  9 adders
  An adder skeleton (D:5)
  A worm (D:2)
  2 dart slugs
  5 leopard geckos
  23 orcs
  A giant cockroach (D:2)
  9 goblins
  7 hobgoblins
  13 jackals
  6 kobolds
  3 quokkas (D:5)
  A ball python (D:1)
  12 bats
  5 frilled lizards
  A quokka skeleton (D:5)
  5 rats
135 creatures vanquished.

Notes
Turn   | Place    | Note
-------+----------+-------------------------------------------
     0 | D:1      | dvd the Octopode Venom Mage began the quest for the Orb.
     0 | D:1      | Reached XP level 1. HP: 11/11 MP: 3/3
    38 | D:1      | Reached skill level 5 in Poison Magic
   414 | D:1      | Reached XP level 2. HP: 14/17 MP: 3/5
   800 | D:1      | You fall through a shaft!
   824 | D:2      | Reached XP level 3. HP: 21/21 MP: 2/6
  1109 | D:2      | Reached XP level 4. HP: 20/27 MP: 3/7
  1297 | D:2      | Learned a level 4 spell: Olgreb's Toxic Radiance
  1337 | D:2      | Reached skill level 1 in Conjurations
  1419 | D:2      | Noticed Robin
  1423 | D:2      | Killed Robin
  1555 | D:2      | Reached skill level 1 in Short Blades
  1708 | D:2      | Learned a level 3 spell: Mephitic Cloud
  1741 | D:2      | Noticed Jessica
  1748 | D:2      | Killed Jessica
  1748 | D:2      | Reached XP level 5. HP: 31/31 MP: 9/9
  3392 | D:4      | Found a staircase to the Ecumenical Temple.
  3407 | Temple   | Entered the Ecumenical Temple
  3558 | Temple   | Became a worshipper of Sif Muna the Loreminder
  3720 | D:4      | Reached skill level 6 in Poison Magic
  3879 | D:4      | Reached XP level 6. HP: 37/37 MP: 5/10
  4002 | D:4      | Noticed removeelyvilon's ghost (amateur HaFi)
  4449 | D:5      | Entered Level 5 of the Dungeon
  4476 | D:5      | Noticed a phantom
  4514 | D:5      | Reached skill level 5 in Stealth
  4623 | D:5      | Reached XP level 7. HP: 7/42 MP: 1/12
  5403 | D:5      | Reached * piety under Sif Muna
  5403 | D:5      | Reached skill level 1 in Fighting
  6397 | D:5      | Reached skill level 7 in Poison Magic
  6397 | D:5      | Reached XP level 8. HP: 13/48 MP: 14/14
  7130 | D:6      | Reached skill level 5 in Spellcasting
  7290 | D:6      | Shot with an arrow by a centaur

Skill      XL: |  1  2  3  4  5  6  7  8 |
---------------+-------------------------+-----
Poison Magic   | 5 6 7 |  7.6
Stealth        | 3 4 5 |  5.4
Conjurations   | 1 2 |  2.2
Short Blades   | 1 2 3 |  3.9
Spellcasting   | 3 4 5 |  5.3
Fighting       | 1 |  1.6
Dodging        | |  2.8

Action                   |  1- 3 |  4- 6 |  7- 9 || total
-------------------------+-------+-------+-------++-------
Melee: Unarmed           |     6 |       |       ||     6
       Short sword       |    16 |    84 |    97 ||   197
       Constrict         |     4 |    14 |     7 ||    25
       Tentacles         |     1 |     7 |     6 ||    14
 Cast: Sting             |    34 |    59 |    22 ||   115
       Olgreb's Toxic Ra |       |    10 |    19 ||    29
  Use: Scroll            |     1 |     1 |    12 ||    14
       Potion            |       |       |     1 ||     1
 Stab: Sleeping          |     7 |    10 |     3 ||    20
       Distracted        |     1 |       |       ||     1
  Eat: Chunk             |     1 |    12 |    12 ||    25
Armor: Skin              |     2 |       |     3 ||     5
Dodge: Dodged            |    17 |    44 |    41 ||   102
